 Dungeon Crawl Stone Soup version 0.32-a0-468-g38b2580584 (webtiles) character file.

Game seed: 17213804510005790015

10836 Sabo the Basher (level 11, -2/102 HPs)
             Began as a Mountain Dwarf Monk on Feb 23, 2024.
             Was an Elder of Ashenzari.
             Slain by Yxorellae's ghost (24 damage)
             ... on level 1 of the Orcish Mines on Feb 24, 2024.
             The game lasted 01:23:19 (14145 turns).

Sabo the Basher (Mountain Dwarf Monk)              Turns: 14145, Time: 01:23:20

Health: -2/102     AC: 22    Str: 15    XL:     11   Next: 41%
Magic:  20/20      EV: 14    Int: 12    God:    Ashenzari [****..]
Gold:   716        SH:  0    Dex: 14    Spells: 10/10 levels left

rFire   + . .        w - +5 morningstar
rCold   + . .        d - orb of Ashenzari's Repose {light, Melee, Range} (curse)
rNeg    . . .        a - +0 chain mail
rPois   +            v - +2 helmet of the Chained Soothsayer {Fort, Dev} (curse)
rElec   +            q - +2 cloak "Shackled Together" {Fort, Sorc} (curse)
rCorr   +            (no gloves)
SInv    +            c - +2 pair of boots of Ashenzari's Insecurity {Fly, Sorc, Self} (curse)
Will    +....        (no amulet) Stlth
                     e - ring of the Profound Boredom {EV+5, Comp, Range} (curse)
HPRegen 0.37/turn    U - ring of Supernal Understanding {+Blink MP+9 Slay+3, Dev, Sorc} (curse)
MPRegen 0.17/turn

%: clarity
@: mighty, lethally poisoned (-2 -> -18), resistant, flying, glowing, studying
Axes
A: runic magic, artefact enchanting
a: Renounce Religion, Evoke Blink, Shatter the Chains


You were on level 1 of the Orcish Mines.
You worshipped Ashenzari.
Ashenzari was greatly pleased with you.
You visited 3 branches of the dungeon, and saw 12 of its levels.
You also visited: Sewer and Ossuary.

You collected 1052 gold pieces.
You spent 336 gold pieces at shops.

Inventory:

Hand Weapons
 i - a +0 battleaxe
 t - a +0 arbalest
 w - a +5 morningstar (weapon)
 A - a +2 long sword of electrocution
 F - the +1 falchion "Giantslayer" {flame, *Slow rN++ Str+2}
   (You found it on level 8 of the Dungeon)

   Str+2:     It affects your strength (+2).
   rN++:      It greatly protects you from negative energy.
   *Slow:     It may slow you when you take damage.
 H - a +3 heavy morningstar
 I - a +2 falchion of flaming
 P - a +0 war axe
Missiles
 z - 24 poisoned darts (quivered)
 J - 2 curare-tipped darts
 T - 4 silver javelins
Armour
 a - a +0 chain mail (worn)
 c - the cursed +2 pair of boots of Ashenzari's Insecurity (worn) {Fly, Sorc, Self}
   (You found it on level 5 of the Dungeon)

   It has a curse which improves the following skills: Sorcery: Conjurations and
   Alchemy.
   Introspection: Fighting and Spellcasting.
 d - the cursed orb of Ashenzari's Repose (worn) {light, Melee, Range}

   It has a curse which improves the following skills: Melee Combat: Short
   Blades, Long Blades, Axes, Maces & Flails, Polearms, Staves and Unarmed
   Combat.
   Ranged Combat: Ranged Weapons and Throwing.
 k - a scarf of repulsion
 q - the cursed +2 cloak "Shackled Together" (worn) {Fort, Sorc}
   (You found it on level 3 of the Dungeon)

   It has a curse which improves the following skills: Fortitude: Armour and
   Shields.
   Sorcery:   Conjurations and Alchemy.
 v - the cursed +2 helmet of the Chained Soothsayer (worn) {Fort, Dev}
   (You found it on level 4 of the Dungeon)

   It has a curse which improves the following skills: Fortitude: Armour and
   Shields.
   Devices:   Evocations and Shapeshifting.
 Q - a +0 leather armour
Jewellery
 e - the cursed ring of the Profound Boredom (left hand) {EV+5, Comp, Range}
   (You found it on level 4 of the Dungeon)

   [ring of evasion]

   EV+5:      It affects your evasion (+5).
   It has a curse which improves the following skills: Companions: Summonings
   and Necromancy.
   Ranged Combat: Ranged Weapons and Throwing.
 j - the ring of Fyepitzaa {rC- Will++ MP+9 Dex+6 SInv}
   (You took it off an orc on level 10 of the Dungeon)

   [ring of dexterity]

   Dex+6:     It affects your dexterity (+6).
   rC-:       It makes you vulnerable to cold.
   Will++:    It greatly increases your willpower.
   MP+9:      It affects your magic capacity (+9).
   SInv:      It lets you see invisible.
 o - a +6 ring of intelligence
 U - the cursed ring of Supernal Understanding (right hand) {+Blink MP+9 Slay+3, Dev, Sorc}
   (You acquired it on level 10 of the Dungeon)

   [ring of magical power]

   Slay+3:    It affects your accuracy & damage with ranged weapons and melee
   (+3).
   MP+9:      It affects your magic capacity (+9).
   +Blink:    It lets you blink.
   It has a curse which improves the following skills: Devices: Evocations and
   Shapeshifting.
   Sorcery:   Conjurations and Alchemy.
Talismans
 g - a flux talisman
 K - a blade talisman
 M - a talisman of death
Wands
 u - a wand of roots (5)
 y - a wand of polymorph (5)
 L - a wand of flame (10)
Scrolls
 f - 5 scrolls of teleportation
 h - a scroll of butterflies
 m - a scroll of enchant weapon
 r - 3 scrolls of enchant armour
 x - 3 scrolls of fear
 C - 2 scrolls of blinking
 D - 3 scrolls of fog
 G - 4 scrolls of revelation
 R - 4 scrolls of amnesia
Potions
 b - a potion of heal wounds
 l - 2 potions of mutation
 n - 6 potions of cancellation
 p - a potion of berserk rage
 s - a potion of magic
 B - 6 potions of curing
 E - a potion of enlightenment
 N - a potion of invisibility
 S - 3 potions of might


   Skills:
 + Level 9.2(11.0) Fighting
 + Level 2.4(3.9) Long Blades
 + Level 7.4(12.6) Axes
 + Level 13.7(16.0) Maces & Flails
 + Level 8.9(11.6) Armour
 + Level 4.6 Dodging
 + Level 1.0 Stealth


You had 10 spell levels left.
You didn't know any spells.
Your spell library contained the following spells:

 Spells                   Type           Power      Damage    Failure   Level
 Sublimation of Blood     Necr           0%         N/A       58%         2
 Hailstorm                Conj/Ice       0%         3d5       83%         3
 Summon Ice Beast         Ice/Summ       0%         N/A       85%         3
 Olgreb's Toxic Radiance  Alch           1%         N/A       99%         4
 Petrify                  Alch/Erth      0%         N/A       99%         4
 Irradiate                Conj/Alch      0%         3d11      100%        5
 Sculpt Simulacrum        Ice/Alch       0%         N/A       100%        6
 Ozocubu's Refrigeration  Ice            0%         4d7       100%        7
 Discord                  Hex            0%         N/A       100%        8


Dungeon Overview and Level Annotations

Branches:
Dungeon (10/15)            Temple (1/1) D:5            Lair (0/5) D:9
    Orc (1/2) D:10          Sewer (visited)         Ossuary (visited)

Altars:
Ashenzari
Cheibriados
Dithmenos
Elyvilon
Fedhas
Gozag
Hepliaklqana
Kikubaaqudgha
Makhleb
Nemelex Xobeh
Okawaru
Qazlal
Ru
Sif Muna
Trog
Uskayaw
Wu Jian
Xom
Yredelemnul
Zin
Beogh

Shops:
Orc:1 *!

Annotations:
Orc:1 Yxorellae's ghost, adept MiFi


Innate Abilities, Weirdness & Mutations

Your spellcasting is much less encumbered by armour.
You can use scrolls of enchantment on lesser artefacts.


Message History

You feel much better.
You feel very sick. Yxorellae's ghost closely misses you.
You closely miss Yxorellae's ghost.
Yxorellae's ghost is heavily damaged.
You feel sick. Yxorellae's ghost hits you.
* * * LOW HITPOINT WARNING * * *
You are more poisoned.
You sock Yxorellae's ghost!
Yxorellae's ghost is heavily damaged.
You feel very sick.
Yxorellae's ghost hits you but does no damage.
You are lethally poisoned!
You barely miss Yxorellae's ghost.
Yxorellae's ghost is heavily damaged.
* * * LOW HITPOINT WARNING * * *
You feel very sick.
You feel much better.
You feel very sick. Yxorellae's ghost misses you.
You feel very mighty all of a sudden.
You feel very sick.
Yxorellae's ghost hits you but does no damage.
You hit Yxorellae's ghost but do no damage.
Yxorellae's ghost is heavily damaged.
You feel very sick.
Yxorellae's ghost completely misses you.
You hit Yxorellae's ghost but do no damage.
Yxorellae's ghost is heavily damaged.
You feel sick. Yxorellae's ghost hits you.
* * * LOW HITPOINT WARNING * * *
You are more poisoned.
You puncture Yxorellae's ghost!
Yxorellae's ghost is heavily damaged.
You feel very sick.
You bludgeon Yxorellae's ghost!!
Yxorellae's ghost is severely damaged.
You feel very sick. Yxorellae's ghost hits you!!
You die...

#.## #
##.# #
##.##
**#
##...#
*.#
##...##
*#..
##...##
#...
#...###
##..
#.....#
###
#..@..#
#
###W###
#(_[#
##.##
###


You could see Yxorellae's ghost.

Vanquished Creatures
  2 two-headed ogres
  A dancing weapon (Orc:1)
  A kobold blastminer (Orc:1)
  4 kobold demonologists (D:10)
  Grinder (D:5)
  A shadow (D:9)
  6 yaks
  A steam dragon (D:6)
  10 vampire mosquitoes
  2 water moccasins (D:8)
  An ice beast (D:6)
  5 orc warriors
  A sky beast (D:6)
  A black bear (D:6)
  3 ogres
  A centaur (D:6)
  3 phantoms
  4 kobold brigands
  A weeping skull (Ossuary)
  3 bullfrogs (D:8)
  A scorpion (D:5)
  11 wights
  13 killer bees
  3 howler monkeys
  12 orc priests
  A bombardier beetle (D:6)
  6 hounds
  2 jellies
  An iguana (D:5)
  A spectral scorpion (Ossuary)
  A gnoll bouda (D:10)
  3 centaur skeletons (Ossuary)
  Jessica (D:2)
  14 orc wizards
  11 mummies
  5 gnolls (D:10)
  14 adders
  2 river rats (Sewer)
  4 white imps
  2 ribbon worms
  4 dart slugs
  81 orcs
  6 ball pythons
  5 bats
  3 endoplasms
  2 giant cockroaches (D:3)
  8 goblins
  3 hobgoblins
  3 jackals (Sewer)
  7 quokkas
  3 frilled lizards
  2 gnoll skeletons (Ossuary)
  A goblin zombie (D:5)
  14 kobolds
  2 kobold skeletons (Ossuary)
  An orc skeleton (Ossuary)
  9 rats
  10 spectral rats (Ossuary)
324 creatures vanquished.

Vanquished Creatures (others)
  An arcanist (D:3)
1 creature vanquished.

Grand Total: 325 creatures vanquished

Notes
Turn   | Place    | Note
-------+----------+-------------------------------------------
     0 | D:1      | Sabo the Mountain Dwarf Monk began the quest for the Orb.
     0 | D:1      | Reached XP level 1. HP: 19/19 MP: 1/1
   254 | D:1      | Reached XP level 2. HP: 26/26 MP: 2/2
  1075 | D:2      | Noticed Jessica
  1081 | D:2      | Killed Jessica
  1082 | D:2      | Reached XP level 3. HP: 26/33 MP: 3/3
  1322 | D:2      | Reached XP level 4. HP: 32/40 MP: 4/4
  1525 | D:3      | Found a glowing drain.
  1616 | Sewer    | Entered a sewer
  1627 | Sewer    | Reached skill level 1 in Armour
  2193 | Sewer    | Reached skill level 5 in Axes
  2193 | Sewer    | Reached XP level 5. HP: 35/46 MP: 5/5
  2800 | D:3      | Found a bloodstained altar of Trog.
  2804 | D:3      | Noticed a wizard
  2809 | D:3      | Killed a wizard
  2827 | D:3      | Upgraded the game from 0.32-a0-433-g08bcfe7efd to
                  | 0.32-a0-450-g080537f31e
  4092 | D:4      | Found a white marble altar of Elyvilon.
  4162 | D:4      | Found a shimmering blue altar of Sif Muna.
  4768 | D:5      | Entered Level 5 of the Dungeon
  4768 | D:5      | Noticed an ogre
  4775 | D:5      | Killed an ogre
  4776 | D:5      | Reached XP level 6. HP: 53/53 MP: 6/6
  4790 | D:5      | Noticed Grinder
  4803 | D:5      | Paralysed by Grinder for 4 turns
  4829 | D:5      | Killed Grinder
  4830 | D:5      | Reached XP level 7. HP: 33/60 MP: 7/7
  5123 | D:5      | Found a staircase to the Ecumenical Temple.
  5129 | D:5      | Reached skill level 5 in Fighting
  5151 | D:5      | Found a sand-covered staircase.
  5158 | Ossuary  | Entered an ossuary
  5324 | Ossuary  | Reached skill level 1 in Long Blades
  5479 | Ossuary  | Reached skill level 1 in Maces & Flails
  5497 | Ossuary  | Reached XP level 8. HP: 69/69 MP: 8/8
  5532 | Ossuary  | Reached skill level 2 in Maces & Flails
  5867 | Temple   | Entered the Ecumenical Temple
  6061 | D:5      | Reached skill level 3 in Maces & Flails
  6077 | D:5      | Reached skill level 4 in Maces & Flails
  6077 | D:5      | Reached skill level 5 in Armour
  6299 | D:5      | Reached skill level 5 in Maces & Flails
  6896 | D:5      | Upgraded the game from 0.32-a0-450-g080537f31e to
                  | 0.32-a0-468-g38b2580584
  7015 | D:6      | Found a basalt altar of Yredelemnul.
  7021 | D:6      | Found an iron altar of Okawaru.
  7120 | D:6      | Reached skill level 6 in Maces & Flails
  7681 | D:6      | Reached XP level 9. HP: 78/78 MP: 9/9
  7946 | D:6      | Reached skill level 7 in Maces & Flails
  8742 | D:7      | Found a snail-covered altar of Cheibriados.
  8750 | D:7      | Found a shadowy altar of Dithmenos.
  8753 | D:7      | Found a broken altar of Ashenzari.
  8779 | D:7      | Reached skill level 8 in Maces & Flails
  8842 | D:7      | Found a blossoming altar of Fedhas.
  9074 | D:7      | Became a worshipper of Ashenzari the Shackled
  9156 | D:7      | Reached * piety under Ashenzari
  9223 | D:7      | Found a burning altar of Makhleb.
  9223 | D:7      | Noticed a green death
  9702 | D:8      | Reached skill level 9 in Maces & Flails
  9858 | D:8      | Reached ** piety under Ashenzari
  9877 | D:8      | Reached XP level 10. HP: 86/90 MP: 10/10
  9991 | D:8      | Reached skill level 10 in Maces & Flails
 10124 | D:8      | Identified the +1 falchion "Giantslayer" {flame, *Slow rN++
                  | Str+2}
 11058 | D:9      | Found a sparkling altar of Nemelex Xobeh.
 11133 | D:9      | Reached skill level 11 in Maces & Flails
 11443 | D:9      | Found a staircase to the Lair.
 11621 | D:10     | Entered Level 10 of the Dungeon
 11621 | D:10     | Identified the +1 short sword "Iliur" {flame, rElec rN+
                  | Int-3}
 11665 | D:10     | Reached skill level 1 in Stealth
 11751 | D:10     | Noticed a smoke demon
 11805 | D:10     | Noticed a smoke demon
 11812 | D:10     | Reached skill level 12 in Maces & Flails
 12093 | D:10     | Noticed a two-headed ogre
 12101 | D:10     | Killed a two-headed ogre
 12233 | D:10     | Reached *** piety under Ashenzari
 12510 | D:10     | Found a staircase to the Orcish Mines.
 12520 | D:10     | Identified the ring of Fyepitzaa {rC- Will++ MP+9 Dex+6
                  | SInv}
 12554 | D:10     | Found a sacrificial altar of Ru.
 12639 | D:10     | Reached XP level 11. HP: 96/99 MP: 11/11
 12688 | D:10     | Identified a scroll of acquirement
 12790 | D:10     | Acquired the ring of Etau {+Blink MP+9 Slay+3}
 12937 | D:10     | Reached skill level 13 in Maces & Flails
 13157 | D:10     | Found a stormy altar of Qazlal.
 13442 | Orc:1    | Entered Level 1 of the Orcish Mines
 13442 | Orc:1    | Found Jieshoist's General Store.
 13465 | Orc:1    | Reached **** piety under Ashenzari
 13500 | Orc:1    | Bought a potion of curing for 42 gold pieces
 13500 | Orc:1    | Bought a potion of curing for 42 gold pieces
 13711 | Orc:1    | Found a roughly hewn altar of Beogh.
 13819 | Orc:1    | Found a burning altar of Makhleb.
 13860 | Orc:1    | Noticed a two-headed ogre
 13869 | Orc:1    | Killed a two-headed ogre
 13974 | Orc:1    | Found Lyran's Distillery.
 14033 | Orc:1    | Bought a potion of heal wounds for 70 gold pieces
 14033 | Orc:1    | Bought a potion of heal wounds for 70 gold pieces
 14033 | Orc:1    | Bought a potion of mutation for 112 gold pieces
 14106 | Orc:1    | Found a runed translucent door.
 14109 | Orc:1    | Found a shimmering altar of Xom.
 14109 | Orc:1    | Noticed Yxorellae's ghost (adept MiFi)
 14109 | Orc:1    | Noticed a +2 quarterstaff of chaos
 14119 | Orc:1    | Killed a +2 quarterstaff of chaos
 14145 | Orc:1    | Slain by Yxorellae's ghost

Illustrated notes

Levels and vault maps discovered:
D:1:      saegor_arrival_simple_a, layout_rooms, minivault_24
D:2:      layout_basic, uniq_jessica
D:3:      layout_loops_ring, trog_wizard, gup_sewer_entry_bowl,
          minmay_misc_feat_secret_circle, ebering_dispersal_statue_hall
D:4:      nicolae_cairo_tiling, layout_loops_ring, kennysheep_little_box,
          nicolae_elyvilon_temple_path
D:5:      layout_basic, minmay_temple_entry_large_hall,
          nicolae_ossuary_entry_giza, minmay_manual_mess, uniq_grinder
D:6:      layout_basic, nicolae_overflow_hidden_temple, serial_rivers,
          chequers_serial_rivers_marsh, chequers_serial_rivers_micro_b,
          chequers_serial_rivers_room_a, chequers_serial_rivers_small_3,
          chequers_serial_rivers_room_b, st_stairs_9
D:7:      layout_basic, nicolae_overflow_quartered_altars,
          makhleb_altar_promises_db
D:8:      layout_basic, grunt_ministairs_5
D:9:      layout_cave_pods, nemelex_spade_bored_becter, lair_entry_dummy
D:10:     layout_rooms, nicolae_qazlal_scattered_showers,
          nicolae_ru_awakened_eye, hiddenorc2_lemuel
Temple:   nicolae_temple_superstar
Orc:1:    layout_diamond_mine, ebering_ghost_xom, serial_shops, shop,
          nicolae_shop_statue_plus, hangedman_feature_mirror

Skill      XL: |  1  2  3  4  5  6  7  8  9 10 11 |
---------------+----------------------------------+-----
Axes           | 4 5 6 7 |  7.4
Fighting       | 4 5 6 7 8 9 |  9.2
Armour         | 1 3 4 5 6 8 |  8.9
Dodging        | 3 4 |  4.6
Long Blades    | 2 |  2.4
Maces & Flails | 1 6 9 12 13 | 13.7
Stealth        | 1 |  1.0

Action                     |  1- 3 |  4- 6 |  7- 9 | 10-12 || total
---------------------------+-------+-------+-------+-------++-------
  Melee: Hand axe          |    94 |   277 |    10 |       ||   381
         Long sword        |       |       |    56 |       ||    56
         Morningstar       |       |       |   222 |   293 ||   515
 Invoke: Curse Item        |       |       |     3 |     3 ||     6
    Use: Scroll            |     1 |     4 |     6 |     1 ||    12
         Potion            |       |     1 |     1 |     5 ||     7
 Armour: Leather armour    |    56 |   101 |       |       ||   157
         Robe              |     1 |       |       |       ||     1
         Ring mail         |       |    39 |    81 |       ||   120
         Chain mail        |       |       |   136 |   244 ||   380
  Dodge: Dodged            |    63 |   173 |   280 |   275 ||   791

Table legend: (Time is in decaauts)
 A = Elapsed time spent in this place.
 B = Non-inter-level travel time spent in this place.
 C = Inter-level travel time spent in this place.
 D = Time resting spent in this place.
 E = Time spent auto-exploring this place.
 F = Levels seen in this place.
 G = Mean time per level.
                   A        B        C        D        E       F      G
               +--------+--------+--------+--------+--------+-----+--------+
         Total |  14442 |  14442 |      0 |   3573 |      0 |  14 | 1031.6 |
       Dungeon |  12173 |  12173 |      0 |   2908 |      0 |  10 | 1217.3 |
        Temple |    156 |    156 |      0 |      0 |      0 |   1 |  156.0 |
  Orcish Mines |    596 |    596 |      0 |     92 |      0 |   1 |  596.0 |
         Sewer |    855 |    855 |      0 |    371 |      0 |   1 |  855.0 |
       Ossuary |    661 |    661 |      0 |    202 |      0 |   1 |  661.0 |
               +--------+--------+--------+--------+--------+-----+--------+

Top non-repeatable levels by time:
    D:10: 1948 daAuts
     D:5: 1438 daAuts
     D:6: 1379 daAuts
     D:3: 1293 daAuts
     D:4: 1274 daAuts
     D:9: 1177 daAuts
     D:7: 1129 daAuts
     D:8: 1074 daAuts
     D:2: 1050 daAuts
   Sewer: 855 daAuts
 Ossuary: 661 daAuts
   Orc:1: 596 daAuts
     D:1: 406 daAuts
  Temple: 156 daAuts
